[Event "3rd FIDE WCCC Blitz U10 2019"]
[Site "Minsk"]
[Date "2019.08.18"]
[Round "8.4"]
[White "Korsakov, Egor"]
[Black "Zimin, Artur"]
[Result "0-1"]
[ECO "B07"]
[WhiteElo "1510"]
[BlackElo "1672"]
[Annotator "NA"]
[PlyCount "158"]
[EventDate "2019.08.18"]
[EventType "swiss"]
[EventCountry "BLR"]
[SourceTitle "playchess.com"]
[Source "ChessBase"]
[SourceQuality "1"]
[TimeControl "300+2"]

1. e4 d6 2. d4 Nf6 3. Nc3 g6 4. Bd3 Bg7 5. Be3 O-O 6. Nf3 Nfd7 7. O-O Nc6 8. d5 Ncb8 9. Be2 e5 10. Nd2 f5 11. exf5 gxf5 12. f4 e4 13. Nb3 Nf6 14. Bd4 Nbd7 15. Nb1 Qe7 16. c4 b6 17. Nc3 a6 18. Bf2 Nc5 19. Bxc5 bxc5 20. Na5 Bd7 21. Nb3 Kh8 22. g3 Be8 23. Nd2 Bg6 24. a3 Rab8 25. Rb1 h5 26. Nb3 Ng4 27. Bxg4 hxg4 28. Na5 Be8 29. Re1 Bd7 30. Nb3 Qf7 31. Nd2 Bd4+ 32. Kh1 Qh5 33. Qe2 Kg7 34. Nf1 Qg6 35. Qg2 Qf6 36. Qc2 Rb7 37. Nd1 Rfb8 38. b3 Kg8 39. Nde3 Qg6 40. Ng2 Bf6 41. Nge3 Kf7 42. Re2 Qh7 43. Rg2 Qg6 44. Rd2 Bg7 45. Re2 Qf6 46. Ree1 Qc3 47. Qxc3 Bxc3 48. Rec1 Rxb3 49. Rxb3 Rxb3 50. Nd1 Bd4 51. Rc2 Rb1 52. Rd2 e3 53. Nfxe3 Bxe3 54. Rd3 Bd4 55. Kg2 Ba4 56. Nf2 Rb2 57. Kf1 Rxf2+ 58. Ke1 Rxh2 59. Kf1 Rb2 60. Ke1 Rb3 61. Rd2 Rxa3 62. Rh2 Kg6 63. Re2 Re3 64. Kf1 Rxe2 65. Kxe2 Bb3 66. Kd2 Bf2 67. Kc3 Ba4 68. Kd2 Bd7 69. Ke2 Bxg3 70. Ke3 Bh2 71. Kd3 Bxf4 72. Kc3 g3 73. Kd3 g2 74. Ke2 g1=Q 75. Kd3 Qd4+ 76. Ke2 Qe3+ 77. Kf1 Be5 78. Kg2 f4 79. Kf1 Bh3# 0-1

[Event "3rd FIDE WCCC Blitz U10 2019"]
[Site "Minsk"]
[Date "2019.08.18"]
[Round "8.5"]
[White "Maimin, Leonid"]
[Black "Zverev, Lev"]
[Result "0-1"]
[ECO "C88"]
[WhiteElo "1419"]
[BlackElo "1881"]
[Annotator "NA"]
[PlyCount "136"]
[EventDate "2019.08.18"]
[EventType "swiss"]
[EventCountry "BLR"]
[SourceTitle "playchess.com"]
[Source "ChessBase"]
[SourceQuality "1"]
[TimeControl "300+2"]

1. e4 e5 2. Nf3 Nc6 3. Bb5 a6 4. Ba4 Nf6 5. O-O Be7 6. Re1 b5 7. Bb3 O-O 8. d4 d6 9. Nc3 exd4 10. Nxd4 Nxd4 11. Qxd4 c5 12. Qd3 c4 13. Bxc4 bxc4 14. Qxc4 Be6 15. Nd5 Rc8 16. Qb3 Nxd5 17. exd5 Bf5 18. c3 Bf6 19. Be3 Bd3 20. Qd1 Bg6 21. Qd2 h6 22. Rad1 Qa5 23. a3 Qa4 24. Bd4 Bxd4 25. Qxd4 Qb5 26. Qb4 Qd7 27. Re3 Rb8 28. Qc4 Rxb2 29. Qxa6 Qf5 30. Rf3 Qe5 31. Re3 Qf6 32. Rf3 Qd8 33. Re3 Qb8 34. h3 Rb6 35. Qe2 Qa8 36. c4 Rc8 37. Re1 Kh7 38. Kh2 Qa4 39. Rc1 Rcb8 40. Rcc3 Rc8 41. Rc1 Rb7 42. h4 Rbc7 43. h5 Bf5 44. g4 Bd7 45. Qd3+ Kg8 46. Re4 Qa7 47. Kg2 f5 48. Re7 Be8 49. Rxc7 Rxc7 50. gxf5 Bxh5 51. Re1 Bf7 52. Rh1 Qc5 53. Rh4 Ra7 54. f6 Rxa3 55. Qe2 g6 56. Rxh6 Ra1 57. Rxg6+ Bxg6 58. Qe6+ Bf7 59. Qg4+ Kf8 60. Qg7+ Ke8 61. Qh8+ Kd7 62. Qh3+ Kc7 63. Qh7 Ra2 64. Qxf7+ Kb6 65. Qg6 Qxf2+ 66. Kh3 Qh2+ 67. Kg4 Rg2+ 68. Kf5 Qh3+ 0-1

[Event "3rd FIDE WCCC Blitz U10 2019"]
[Site "Minsk"]
[Date "2019.08.18"]
[Round "8.6"]
[White "Yadegar, Radin"]
[Black "Simbelov, Roman T."]
[Result "0-1"]
[ECO "D35"]
[WhiteElo "1626"]
[BlackElo "1603"]
[Annotator "NA"]
[PlyCount "79"]
[EventDate "2019.08.18"]
[EventType "swiss"]
[EventCountry "BLR"]
[SourceTitle "playchess.com"]
[Source "ChessBase"]
[SourceQuality "1"]
[TimeControl "300+2"]

1. d4 d5 2. c4 e6 3. Nc3 Nf6 4. cxd5 exd5 5. Bg5 c6 6. e3 Bf5 7. Qf3 Bg6 8. Bxf6 Qxf6 9. Qxf6 gxf6 10. Nf3 Nd7 11. Nh4 Bb4 12. a3 Bd6 13. Ne2 O-O-O 14. Ng3 Rhe8 15. Be2 Nb6 16. Ngf5 Bf8 17. O-O Na4 18. Bg4 Kb8 19. b3 Nc3 20. Rac1 Ne4 21. b4 Nd2 22. Rfd1 Nc4 23. Rc3 b6 24. Be2 b5 25. Nxg6 hxg6 26. Ng3 Kb7 27. Nf1 a5 28. Rb1 axb4 29. axb4 Ra8 30. Bxc4 dxc4 31. Rc2 Ra4 32. Rcb2 Rea8 33. Ng3 Ra1 34. Ne4 f5 35. Nc3 R8a3 36. Rxa1 Rxa1+ 37. Rb1 Rxb1+ 38. Nxb1 Bxb4 39. Kf1 c3 40. Ke2 0-1

[Event "3rd FIDE WCCC Blitz U10 2019"]
[Site "Minsk"]
[Date "2019.08.18"]
[Round "9.1"]
[White "Usov, Aleksandr E."]
[Black "Navoyan, Gagik"]
[Result "1-0"]
[ECO "C55"]
[WhiteElo "1919"]
[BlackElo "1698"]
[Annotator "NA"]
[PlyCount "61"]
[EventDate "2019.08.18"]
[EventType "swiss"]
[EventCountry "BLR"]
[SourceTitle "playchess.com"]
[Source "ChessBase"]
[SourceQuality "1"]
[TimeControl "300+2"]

1. e4 e5 2. Nf3 Nc6 3. d4 exd4 4. Bc4 Nf6 5. e5 d5 6. Bb5 Ne4 7. Nxd4 Bd7 8. Bxc6 bxc6 9. O-O Bc5 10. f3 Ng5 11. Be3 O-O 12. f4 Ne4 13. Nd2 Nxd2 14. Qxd2 Re8 15. c3 f6 16. Nf3 Qe7 17. b4 Bb6 18. Rae1 Bf5 19. Bxb6 axb6 20. Nd4 Qd7 21. b5 cxb5 22. Nxf5 Qxf5 23. Qxd5+ Qe6 24. Qxb5 Rxa2 25. f5 c6 26. fxe6 cxb5 27. exf6 gxf6 28. Rxf6 Rc2 29. Re3 Rc1+ 30. Kf2 Rf8 31. Rg3+ 1-0

[Event "3rd FIDE WCCC Blitz U10 2019"]
[Site "Minsk"]
[Date "2019.08.18"]
[Round "9.2"]
[White "Boykov, Pavel"]
[Black "Simbelov, Roman T."]
[Result "1-0"]
[ECO "C65"]
[WhiteElo "1553"]
[BlackElo "1603"]
[Annotator "NA"]
[PlyCount "95"]
[EventDate "2019.08.18"]
[EventType "swiss"]
[EventCountry "BLR"]
[SourceTitle "playchess.com"]
[Source "ChessBase"]
[SourceQuality "1"]
[TimeControl "300+2"]

1. e4 e5 2. Nf3 Nc6 3. Bb5 Nf6 4. O-O Be7 5. Re1 d6 6. c3 O-O 7. d4 exd4 8. cxd4 a6 9. Ba4 b5 10. Bc2 Bg4 11. h3 Bh5 12. Be3 Bg6 13. Nfd2 Nb4 14. Nc3 c5 15. Bb1 Nc6 16. Nb3 b4 17. Nd5 Nxd5 18. exd5 Na5 19. Bxg6 hxg6 20. Nxa5 Qxa5 21. dxc5 dxc5 22. Qd3 Bd6 23. Qc4 Qb5 24. Rac1 Rac8 25. b3 Rfe8 26. Red1 Re7 27. Qg4 Qd7 28. Qf3 Qf5 29. Qxf5 gxf5 30. Rc4 Rec7 31. Rdc1 Kf8 32. Kf1 Ke7 33. Ke2 f6 34. Kf3 g5 35. g3 Kd7 36. h4 g4+ 37. Ke2 Bf8 38. Rf4 Re8 39. Rxf5 Re5 40. Rxe5 fxe5 41. Rc4 Kd6 42. Rxg4 Kxd5 43. Rc4 Bd6 44. f3 Rg7 45. g4 Be7 46. h5 Bh4 47. h6 Rg8 48. h7 1-0

[Event "3rd FIDE WCCC Blitz U10 2019"]
[Site "Minsk"]
[Date "2019.08.18"]
[Round "9.3"]
[White "Zverev, Lev"]
[Black "Vetokhin, Savva"]
[Result "0-1"]
[ECO "B62"]
[WhiteElo "1881"]
[BlackElo "2016"]
[Annotator "NA"]
[PlyCount "124"]
[EventDate "2019.08.18"]
[EventType "swiss"]
[EventCountry "BLR"]
[SourceTitle "playchess.com"]
[Source "ChessBase"]
[SourceQuality "1"]
[TimeControl "300+2"]

1. e4 c5 2. Nf3 Nc6 3. d4 cxd4 4. Nxd4 Nf6 5. Nc3 d6 6. Bg5 e6 7. f4 a6 8. Nxc6 bxc6 9. Qd2 Be7 10. Bd3 Qb6 11. O-O-O Rb8 12. Na4 Qb4 13. Qxb4 Rxb4 14. Nc3 h6 15. Bh4 d5 16. exd5 cxd5 17. f5 Rxh4 18. fxe6 Bxe6 19. Rhe1 Rb4 20. Bxa6 O-O 21. Bd3 Rfb8 22. b3 Rc8 23. Kb2 d4 24. Ne2 Nd5 25. a3 Rbb8 26. Ka2 Ra8 27. a4 Nb4+ 28. Kb2 Bf6 29. Kb1 Rc7 30. Be4 Rac8 31. Nxd4 Bxd4 32. Rxd4 Nxc2 33. Bxc2 Rxc2 34. Rd8+ Rxd8 35. Kxc2 Kf8 36. Re2 Ke7 37. b4 Kd6 38. Kc3 Rc8+ 39. Kb2 Rc4 40. Ka3 Rc3+ 41. Kb2 Rb3+ 42. Kc2 Rxb4 43. Kc3 Rxa4 44. Rd2+ Ke7 45. Kd3 Ra2 46. Rd1 Rxg2 47. h4 Rg3+ 48. Kd4 Rg4+ 49. Kc5 Rxh4 50. Kc6 Rc4+ 51. Kb6 h5 52. Rh1 h4 53. Kb5 g5 54. Re1 g4 55. Rh1 g3 56. Kb6 g2 57. Rg1 h3 58. Kb5 h2 59. Rxg2 h1=Q 60. Kb6 Qxg2 61. Ka5 Qb2 62. Ka6 Ra4# 0-1

[Event "3rd FIDE WCCC Blitz U10 2019"]
[Site "Minsk"]
[Date "2019.08.18"]
[Round "9.4"]
[White "Zimin, Artur"]
[Black "Gusev, Kirill"]
[Result "1-0"]
[ECO "C11"]
[WhiteElo "1672"]
[BlackElo "2066"]
[Annotator "NA"]
[PlyCount "121"]
[EventDate "2019.08.18"]
[EventType "swiss"]
[EventCountry "BLR"]
[SourceTitle "playchess.com"]
[Source "ChessBase"]
[SourceQuality "1"]
[TimeControl "300+2"]

1. d4 d5 2. Nc3 Nf6 3. Bg5 e6 4. e4 dxe4 5. Nxe4 Be7 6. Bxf6 Bxf6 7. Nf3 Nc6 8. c3 b6 9. Bd3 Bb7 10. Qc2 h6 11. O-O-O a5 12. h4 a4 13. g4 a3 14. b3 Ne7 15. g5 Nd5 16. gxf6 gxf6 17. Rhg1 f5 18. Ned2 Qf6 19. Ne5 O-O-O 20. Ndf3 Kb8 21. Qd2 Ne7 22. Be2 Nc8 23. Qf4 Nd6 24. Bd3 Nc8 25. Bb5 Qe7 26. Rg7 Nd6 27. Bc6 Rhg8 28. Bxb7 Kxb7 29. Rdg1 Rxg7 30. Rxg7 Qf6 31. Rg1 Ne4 32. Kc2 Nxf2 33. Qg3 Ne4 34. Qg7 Qe7 35. Qxf7 Qd6 36. Rg6 Qd5 37. Qxe6 Qb5 38. Qc6+ Qxc6 39. Nxc6 Rh8 40. Nce5 Nd6 41. h5 Ne4 42. Nf7 Rf8 43. Nxh6 f4 44. Rg8 Rf6 45. Ng4 Rf5 46. Rh8 Ng3 47. h6 Rh5 48. Nf6 Rh1 49. h7 Rf1 50. Rb8+ Kxb8 51. h8=Q+ Kb7 52. Ne5 Rf2+ 53. Kd3 Rxa2 54. Qe8 Rd2+ 55. Kxd2 a2 56. Qc6+ Ka6 57. Qa4+ Kb7 58. Qc6+ Ka6 59. Qa8+ Kb5 60. c4+ Kb4 61. Qa4# 1-0

[Event "3rd FIDE WCCC Blitz U10 2019"]
[Site "Minsk"]
[Date "2019.08.18"]
[Round "9.5"]
[White "Pham, Tran Gia Phuc"]
[Black "Samunenkov, Ihor"]
[Result "0-1"]
[ECO "A62"]
[WhiteElo "1611"]
[BlackElo "1964"]
[Annotator "NA"]
[PlyCount "139"]
[EventDate "2019.08.18"]
[EventType "swiss"]
[EventCountry "BLR"]
[SourceTitle "playchess.com"]
[Source "ChessBase"]
[SourceQuality "1"]
[TimeControl "300+2"]

1. d4 Nf6 2. c4 c5 3. d5 e6 4. Nc3 exd5 5. cxd5 d6 6. g3 g6 7. Bg2 Bg7 8. Nf3 O-O 9. O-O Re8 10. Bf4 Na6 11. Re1 Bg4 12. h3 Bxf3 13. Bxf3 Nd7 14. a4 Ne5 15. Bg2 Nb4 16. Rc1 a6 17. Qb3 Qa5 18. Ne4 Qd8 19. Bg5 f6 20. Bd2 a5 21. Nc3 Qd7 22. Nb5 f5 23. Bc3 g5 24. f4 gxf4 25. gxf4 Ng6 26. Bxg7 Kxg7 27. Qc3+ Kf7 28. e3 Na2 29. Qd3 Nxc1 30. Rxc1 Nh4 31. Bh1 Rg8+ 32. Kh2 Qe7 33. e4 Qf6 34. e5 dxe5 35. d6 e4 36. Qd5+ Kf8 37. Qe5 Qxe5 38. fxe5 Kf7 39. Rxc5 Rac8 40. Nc7 Nf3+ 41. Bxf3 exf3 42. e6+ Kf6 43. Rc2 Ke5 44. d7 Rxc7 45. Rxc7 Kxe6 46. Rc3 f2 47. Rc1 Kxd7 48. Rf1 Ke6 49. Rxf2 Ke5 50. Re2+ Kf6 51. Rc2 f4 52. Rc7 Rg7 53. Rc4 Kf5 54. Rc2 f3 55. Rc5+ Kf4 56. Rc4+ Ke3 57. Rc3+ Ke2 58. Rc2+ Kd3 59. Rc8 f2 60. Rd8+ Ke2 61. Re8+ Kf1 62. Re4 Rg2+ 63. Kh1 Rg3 64. Kh2 Rb3 65. Re5 Rxb2 66. Kg3 Rb3+ 67. Kh2 Rb2 68. Rxa5 Ke1 69. Re5+ Re2 70. Rd5 0-1

[Event "3rd FIDE WCCC Blitz U10 2019"]
[Site "Minsk"]
[Date "2019.08.18"]
[Round "9.6"]
[White "Pasiashnichenka, Dzmitry"]
[Black "Vershinin, Igor"]
[Result "1-0"]
[ECO "A00"]
[WhiteElo "1296"]
[BlackElo "2188"]
[Annotator "ChessBase"]
[PlyCount "109"]
[EventDate "2019.08.18"]
[EventType "swiss"]
[EventCountry "BLR"]
[SourceTitle "playchess.com"]
[Source "ChessBase"]
[SourceQuality "1"]
[TimeControl "300+2"]

1. a3 e5 2. c4 Nf6 3. Nc3 d6 4. Nf3 g6 5. d4 exd4 6. Nxd4 Bg7 7. e4 O-O 8. Be2 Re8 9. f3 Nbd7 10. O-O h6 11. Be3 c6 12. Qd2 Kh7 13. Rad1 Qe7 14. Nc2 Ne5 15. Qxd6 Qxd6 16. Rxd6 Be6 17. b3 Nfd7 18. Nb1 Rad8 19. Rfd1 f5 20. Bxa7 b6 21. f4 Nf7 22. Rxc6 fxe4 23. Bxb6 Nxb6 24. Rxd8 Rxd8 25. Rxb6 Bf5 26. g4 Bc8 27. Kf2 g5 28. f5 Ne5 29. f6 Bf8 30. Ne3 Nd3+ 31. Bxd3 Rxd3 32. Rb8 Bc5 33. Rxc8 Bxe3+ 34. Ke2 Bd4 35. f7 Bg7 36. Nd2 Rh3 37. f8=Q Bxf8 38. Rxf8 Rxh2+ 39. Ke3 Rg2 40. Nxe4 Rxg4 41. Nf6+ Kg7 42. Nxg4 Kxf8 43. c5 h5 44. Kf3 h4 45. c6 Ke7 46. b4 Kd6 47. b5 Kc7 48. Ne5 Kb6 49. a4 Kc7 50. a5 Kb8 51. b6 Kc8 52. b7+ Kc7 53. a6 Kb8 54. Nd7+ Ka7 55. b8=Q+ 1-0